AoeStats
← Cavernabrole

Arabia

509092677Analyzed
2v2 RM · 6d ago on Sep 25, 2026· 64m 22s· 4 players
Game mode
Random Map
Map size
Medium (4 player)
Population
200
Speed
Normal
Resources
Standard
Victory
Conquest
Starting age
Dark Age
Ending age
Imperial Age
RankedLock teamsTeams togetherTeam positionsShared explorationLock speedFull tech treeHidden civsTurbo modeCheats
Victory
Defeat
🇹🇼 Georgians · Taiwan
1362
+18
🇹🇼 Berbers · Taiwan
1362
+18
🇨🇳 Varangians · China
1539
-23
🇫🇷 Danes · France
1287
-13
j79609
5:58 Loom
8:42 Feudal Age
9:23 Double-Bit Axe
15:20 Fletching
22:40 Castle Age
20:42 Horse Collar
21:17 Gold Mining
22:18 Padded Archer Armor
22:47 Crossbowman
24:01 Bodkin Arrow
26:16 Wheelbarrow
30:03 Ballistics
30:31 Leather Archer Armor
33:07 Bloodlines
32:58 Husbandry
34:43 Hand Cart
40:01 Imperial Age
37:59 Heavy Plow
37:24 Light Cavalry
40:03 Scale Barding Armor
40:08 Forging
40:00 Scale Mail Armor
40:23 Elite Skirmisher
40:26 Heavy Cavalry Archer
41:49 Parthian Tactics
41:49 Conscription
41:15 Hussar
42:35 Bracer
43:07 Chain Barding Armor
42:51 Pikeman
43:32 Squires
44:14 Iron Casting
46:59 Chemistry
46:04 Siege Engineers
48:57 Man-at-Arms
51:12 Long Swordsman
51:37 Gambesons
51:46 Stone Mining
52:08 Bow Saw
53:20 Aznauri Cavalry
55:00 Plate Barding Armor
55:01 Crop Rotation
56:36 Blast Furnace
57:03 Coinage
56:44 Guilds
56:03 Halberdier
58:52 Stone Shaft Mining
57:41 Two-Handed Swordsman
58:40 Chain Mail Armor
58:14 Arson
58:24 Town Watch
58:22 Treadmill Crane
58:35 Champion
61:00 Banking
62:16 Hoardings
63:05 Elite Skirmisher
63:07 Elite Genitour
jeff224171
5:45 Loom
8:54 Feudal Age
9:24 Double-Bit Axe
11:21 Horse Collar
17:45 Scale Barding Armor
17:51 Forging
23:28 Castle Age
21:26 Gold Mining
24:17 Wheelbarrow
23:35 Light Cavalry
24:26 Bloodlines
24:16 Husbandry
25:19 Chain Barding Armor
25:35 Iron Casting
24:57 Town Watch
27:17 Fletching
27:27 Padded Archer Armor
27:53 Stone Mining
28:21 Bodkin Arrow
29:44 Bow Saw
35:41 Ballistics
35:02 Treadmill Crane
36:47 Gold Shaft Mining
45:40 Imperial Age
45:48 Leather Archer Armor
46:31 Bracer
45:58 Hussar
49:23 Plate Barding Armor
49:46 Conscription
49:48 Heavy Plow
51:00 Blast Furnace
50:59 Siege Engineers
55:59 Chemistry
55:58 Hand Cart
55:44 Town Patrol
55:19 Heavy Cavalry Archer
61:14 Crop Rotation
63:28 Man-at-Arms
63:28 Pikeman
64:09 Squires
63:55 Arson
64:00 Long Swordsman
65:32 Ring Archer Armor
65:02 Scale Mail Armor
zrl
6:03 Loom
9:08 Feudal Age
10:12 Double-Bit Axe
11:17 Bloodlines
21:28 Horse Collar
25:47 Castle Age
24:43 Scale Barding Armor
24:48 Forging
28:02 Light Cavalry
28:43 Husbandry
33:24 Wheelbarrow
35:51 Chain Barding Armor
42:59 Hand Cart
49:15 Gold Mining
54:39 Imperial Age
Cavernabrole
7:17 Loom
9:16 Feudal Age
11:55 Horse Collar
12:04 Double-Bit Axe
14:35 Fletching
19:19 Padded Archer Armor
19:48 Gold Mining
19:49 Stone Mining
22:07 Castle Age
20:42 Forging
21:04 Scale Mail Armor
23:57 Squires
24:52 Gold Shaft Mining
25:20 Leather Archer Armor
26:44 Iron Casting
26:17 Gambesons
28:12 Wheelbarrow
28:24 Bow Saw
30:43 Hand Cart
31:11 Chain Mail Armor
30:57 Hamask
31:49 Town Watch
32:03 Bodkin Arrow
32:59 Elite Skirmisher
33:45 Thumb Ring
36:07 Ballistics
38:50 Imperial Age
37:56 Arson
38:22 Heavy Plow
39:41 Bracer
44:49 Conscription
48:34 Elite Varangian Guard
49:31 Elite Jomsviking
53:29 Blast Furnace
53:00 Plate Mail Armor
53:01 Ring Archer Armor
54:07 Stone Shaft Mining
53:49 Siege Engineers
54:45 Chemistry
53:46 Murder Holes
60:06 Town Patrol
62:05 Hoardings
62:29 Masonry
Connection lost

Rejoining the realm…

Still unreachable

The connection could not be restored.

Session expired

The server has moved on; the page needs a fresh start.